PAA
ATHLETIC CLUB KC ACADEMY @ SPRINGFIELD SHOOTERS
08/16/2022
 
TOP OF THE 1ST
Athletic Club KC Academy batting - Pitching for Springfield Shooters : LHP Matthew Watts
Pitching: LHP Matthew Watts
Batting: SHB António Montés 0-0: Ball
1-0: Called Strike
1-1: Foul Ball, location: 2F
1-2: Foul Ball, location: 2F
1-2: Ball
2-2: Ball
3-2: Base on Balls
Batting: RHB Chris Teague 0-0: Ball
1-0: Foul Ball, location: 2F
1-1: Ground out 5-3 (Groundball, 56S)
António Montés to second
Batting: RHB Dave Robertson 0-0: Ball
Wild Pitch!
António Montés to third
1-0: Ball
2-0: Called Strike
2-1: Ball
3-1: Base on Balls
Batting: RHB Allen Williams 0-0: Ball
1-0: SINGLE (Groundball, 6MD)
António Montés scores
Dave Robertson to second
Runner from 2nd tries for 3rd, SAFE, throw made to third
Batting: RHB Bob Curry 0-0: Ball
1-0: Foul Ball, location: 2F
1-1: Ball
2-1: Swinging Strike
2-2: Foul Ball, location: 2F
2-2: Ball
3-2: DOUBLE (Flyball, 7LM)
Dave Robertson scores
Allen Williams to third
Batting: RHB Michael Walker 0-0: Ball
1-0: Called Strike
1-1: Ball
2-1: Swinging Strike
2-2: Ball
3-2: Strikes out swinging
Batting: RHB Larry Johnston 0-0: Foul Ball, location: 2F
0-1: Ball
1-1: Ball
2-1: Foul Ball, location: 2F
2-2: Strikes out swinging
Top of the 1st over - 2 run(s), 2 hit(s), 0 error(s), 2 left on base; Athletic Club KC Academy 2 - Springfield 0
BOTTOM OF THE 1ST
Springfield Shooters batting - Pitching for Athletic Club KC Academy : RHP Jason Hamilton
Pitching: RHP Jason Hamilton
Batting: RHB Sean Godron 0-0: Ball
1-0: Foul Ball, location: 2F
1-1: Fly out, F8 (Flyball, 8RS)
Batting: RHB Roy Herring 0-0: Ball
1-0: Ball
2-0: SINGLE (Line Drive, 89S)
Batting: RHB Tom Potts 0-0: Fly out, F7 (Line Drive, 7M)
Batting: RHB José López 0-0: Fly out, F9 (Flyball, 89S)
Bottom of the 1st over - 0 run(s), 1 hit(s), 0 error(s), 1 left on base; Athletic Club KC Academy 2 - Springfield 0
TOP OF THE 2ND
Athletic Club KC Academy batting - Pitching for Springfield Shooters : LHP Matthew Watts
Batting: RHB William Williams 0-0: Foul Ball, location: 2F
0-1: Foul Ball, location: 2F
0-2: Foul Ball, location: 2F
0-2: Fly out, F8 (Flyball, 8RM)
Batting: LHB Ed Hammond 0-0: Ball
1-0: Foul Ball, location: 2F
1-1: Foul Ball, location: 2F
1-2: Foul Ball, location: 2F
1-2: Strikes out looking
Batting: SHB António Montés 0-0: Ball
1-0: Ball
2-0: Swinging Strike
2-1: Foul Ball, location: 2F
2-2: Ball
3-2: Strikes out swinging
Top of the 2nd over - 0 run(s), 0 hit(s), 0 error(s), 0 left on base; Athletic Club KC Academy 2 - Springfield 0
BOTTOM OF THE 2ND
Springfield Shooters batting - Pitching for Athletic Club KC Academy : RHP Jason Hamilton
Batting: RHB Ethan Miller 0-0: Swinging Strike
0-1: Called Strike
0-2: Strikes out swinging
Batting: RHB Frank Crocker 0-0: Called Strike
0-1: Ball
1-1: Ball
2-1: Ball
3-1: SINGLE (Flyball, 8LS)
Batting: LHB Ray Anderson 0-0: Ball
1-0: Ball
2-0: Fly out, F8 (Flyball, 8RS)
Batting: RHB Jack Sloan 0-0: Ball
1-0: Called Strike
1-1: Foul Ball, location: 2F
1-2: SINGLE (Groundball, 6MD) (infield hit)
Frank Crocker to second
Batting: SHB Jack Bell 0-0: Fly out, F7 (Flyball, 7LM)
Bottom of the 2nd over - 0 run(s), 2 hit(s), 0 error(s), 2 left on base; Athletic Club KC Academy 2 - Springfield 0
TOP OF THE 3RD
Athletic Club KC Academy batting - Pitching for Springfield Shooters : LHP Matthew Watts
Batting: RHB Chris Teague 0-0: Called Strike
0-1: Swinging Strike
0-2: Ball
1-2: Ball
2-2: Foul Ball, location: 2F
2-2: Ground out 6-3 (Groundball, 6M)
Batting: RHB Dave Robertson 0-0: Called Strike
0-1: Foul Ball, location: 2F
0-2: Ball
1-2: SINGLE (Groundball, 13) (infield hit)
Batting: RHB Allen Williams 0-0: Foul Ball, location: 2F
0-1: Grounds into double play, 5-4-3 (Groundball, 56)
Top of the 3rd over - 0 run(s), 1 hit(s), 0 error(s), 0 left on base; Athletic Club KC Academy 2 - Springfield 0
BOTTOM OF THE 3RD
Springfield Shooters batting - Pitching for Athletic Club KC Academy : RHP Jason Hamilton
Batting: RHB Sean Godron 0-0: Ground out 5-3 (Groundball, 5S)
Batting: RHB Roy Herring 0-0: Ball
1-0: Called Strike
1-1: DOUBLE (Line Drive, 3D)
Batting: RHB Tom Potts 0-0: SINGLE (Groundball, 6MD) (infield hit)
Roy Herring to third
Batting: RHB José López 0-0: Swinging Strike
0-1: Ball
1-1: Ball
2-1: SINGLE (Line Drive, 7S)
Roy Herring scores
Tom Potts to second
Batting: RHB Ethan Miller 0-0: Called Strike
0-1: SINGLE (Line Drive, 56)
Tom Potts to third
José López to second
Batting: RHB Frank Crocker 0-0: Swinging Strike
0-1: Foul Ball, location: 2F
0-2: Strikes out swinging
Batting: LHB Ray Anderson 0-0: Ball
1-0: Swinging Strike
1-1: SINGLE (Groundball, 56D) (infield hit)
Tom Potts scores
José López to third
Ethan Miller to second
Batting: RHB Jack Sloan 0-0: Called Strike
0-1: Ball
1-1: Ball
2-1: Fly out, F7 (Flyball, 7M)
Bottom of the 3rd over - 2 run(s), 5 hit(s), 0 error(s), 3 left on base; Athletic Club KC Academy 2 - Springfield 2
TOP OF THE 4TH
Athletic Club KC Academy batting - Pitching for Springfield Shooters : LHP Matthew Watts
Batting: RHB Bob Curry 0-0: Foul Ball, location: 2F
0-1: Ball
1-1: Ball
2-1: Ball
3-1: Base on Balls
Batting: RHB Michael Walker 0-0: Ball
1-0: Swinging Strike
1-1: Swinging Strike
1-2: Foul Ball, location: 2F
1-2: Fly out, F7 (Flyball, 78M)
Batting: RHB Larry Johnston 0-0: Foul Ball, location: 2F
0-1: Ball
1-1: Grounds into double play, 6-4-3 (Groundball, 6)
Top of the 4th over - 0 run(s), 0 hit(s), 0 error(s), 0 left on base; Athletic Club KC Academy 2 - Springfield 2
BOTTOM OF THE 4TH
Springfield Shooters batting - Pitching for Athletic Club KC Academy : RHP Jason Hamilton
Batting: SHB Jack Bell 0-0: Called Strike
0-1: Ground out 6-3 (Groundball, 6MS)
Batting: RHB Sean Godron 0-0: Ball
1-0: Foul Ball, location: 2F
1-1: Foul Ball, location: 2F
1-2: Ground out 4-3 (Groundball, 34)
Batting: RHB Roy Herring 0-0: Fly out, F8 (Flyball, 8LM)
Bottom of the 4th over - 0 run(s), 0 hit(s), 0 error(s), 0 left on base; Athletic Club KC Academy 2 - Springfield 2
TOP OF THE 5TH
Athletic Club KC Academy batting - Pitching for Springfield Shooters : LHP Matthew Watts
Batting: RHB William Williams 0-0: Called Strike
0-1: Foul Ball, location: 2F
0-2: Strikes out swinging
Batting: LHB Ed Hammond 0-0: Called Strike
0-1: Ball
1-1: Ball
2-1: Ball
3-1: Base on Balls
Batting: SHB António Montés 0-0: Ball
1-0: Ball
2-0: Foul Ball, location: 2F
2-1: Foul Ball, location: 2F
2-2: SINGLE (Groundball, 56D)
Ed Hammond to second
Batting: RHB Chris Teague 0-0: Ball
1-0: Foul Ball, location: 2F
1-1: Ball
2-1: Ball
3-1: Base on Balls
Ed Hammond to third
António Montés to second
Batting: RHB Dave Robertson 0-0: Ball
1-0: Foul Ball, location: 2F
1-1: Swinging Strike
1-2: Ball
2-2: Ball
3-2: DOUBLE (Line Drive, 56D)
Ed Hammond scores
António Montés scores
Chris Teague to third
Runner from 3rd tries for Home, SAFE, throw made at trailing runner, OUT at third!
Batting: RHB Allen Williams 0-0: Ball
1-0: Swinging Strike
1-1: Called Strike
1-2: Foul Ball, location: 2F
1-2: Ground out 6-3 (Groundball, 6)
Top of the 5th over - 3 run(s), 2 hit(s), 0 error(s), 0 left on base; Athletic Club KC Academy 5 - Springfield 2
BOTTOM OF THE 5TH
Springfield Shooters batting - Pitching for Athletic Club KC Academy : RHP Jason Hamilton
Batting: RHB Tom Potts 0-0: Ground out 5-3 (Groundball, 56S)
Batting: RHB José López 0-0: Called Strike
0-1: Ball
1-1: Foul Ball, location: 2F
1-2: Foul Ball, location: 2F
1-2: Ground out 5-3 (Groundball, 15S)
Batting: RHB Ethan Miller 0-0: Ball
1-0: Called Strike
1-1: Ball
2-1: Ball
3-1: Swinging Strike
3-2: SINGLE (Groundball, 56D)
Batting: RHB Frank Crocker 0-0: Ball
1-0: Fly out, F9 (Flyball, 89M)
Bottom of the 5th over - 0 run(s), 1 hit(s), 0 error(s), 1 left on base; Athletic Club KC Academy 5 - Springfield 2
TOP OF THE 6TH
Athletic Club KC Academy batting - Pitching for Springfield Shooters : LHP Matthew Watts
Batting: RHB Bob Curry 0-0: Ball
1-0: Ball
2-0: Ball
3-0: Called Strike
3-1: Base on Balls
Pitching: RHP Sam Green
Batting: RHB Michael Walker 0-0: Called Strike
0-1: Bunted foul
0-2: Ball
1-2: Fly out, F8 (Flyball, 8LS)
Batting: RHB Larry Johnston 0-0: Called Strike
0-1: Called Strike
Bob Curry is caught stealing 2nd base
0-2: Fly out, F2 (Popup, 2LF)
Top of the 6th over - 0 run(s), 0 hit(s), 0 error(s), 0 left on base; Athletic Club KC Academy 5 - Springfield 2
BOTTOM OF THE 6TH
Springfield Shooters batting - Pitching for Athletic Club KC Academy : RHP Jason Hamilton
Batting: LHB Ray Anderson 0-0: DOUBLE (Flyball, 8RXD)
Batting: RHB Jack Sloan 0-0: Called Strike
0-1: Swinging Strike
0-2: Ball
1-2: Ball
2-2: Strikes out looking
Batting: SHB Jack Bell 0-0: Called Strike
0-1: Ball
1-1: Ball
2-1: Swinging Strike
2-2: Ball
3-2: Foul Ball, location: 2F
3-2: Strikes out looking
Batting: RHB Sean Godron 0-0: Ball
1-0: Fly out, F9 (Line Drive, 9S)
Bottom of the 6th over - 0 run(s), 1 hit(s), 0 error(s), 1 left on base; Athletic Club KC Academy 5 - Springfield 2
TOP OF THE 7TH
Athletic Club KC Academy batting - Pitching for Springfield Shooters : RHP Sam Green
Batting: RHB William Williams 0-0: Called Strike
0-1: Foul Ball, location: 2F
0-2: DOUBLE (Groundball, 5L)
Batting: LHB Ed Hammond 0-0: Foul Ball, location: 2F
0-1: Ball
1-1: Ground out 1-3 (Groundball, 13)
William Williams to third
Batting: SHB António Montés 0-0: Fly out, F8 (Flyball, 8LM)
Runner from 3rd tags up, SCORES, throw made
Batting: RHB Chris Teague 0-0: Foul Ball, location: 2F
0-1: SINGLE (Groundball, 6MD)
Batting: RHB Dave Robertson 0-0: Ball
1-0: Ball
2-0: Called Strike
2-1: Swinging Strike
2-2: Foul Ball, location: 2F
2-2: Ball
Chris Teague steals 2nd base
3-2: Base on Balls
Batting: RHB Allen Williams 0-0: Ball
1-0: Called Strike
1-1: Ball
2-1: Ball
3-1: Called Strike
3-2: Base on Balls
Chris Teague to third
Dave Robertson to second
Batting: RHB Bob Curry 0-0: DOUBLE (Line Drive, 3L)
Chris Teague scores
Dave Robertson scores
Allen Williams to third
Runner from 3rd tries for Home, SAFE, no throw or cutoff
Pitching: RHP Landon Larson
Batting: RHB Michael Walker 0-0: Ball
1-0: Ball
2-0: Called Strike
2-1: Fly out, F5 (Popup, 5SF)
Top of the 7th over - 4 run(s), 3 hit(s), 0 error(s), 1 left on base; Athletic Club KC Academy 9 - Springfield 2
BOTTOM OF THE 7TH
Springfield Shooters batting - Pitching for Athletic Club KC Academy : RHP Jason Hamilton
Batting: RHB Roy Herring 0-0: SINGLE (Line Drive, 56)
Batting: RHB Tom Potts 0-0: Ball
1-0: Called Strike
1-1: Called Strike
1-2: Foul Ball, location: 2F
1-2: Ball
2-2: Ground out 5-3 (Groundball, 56S)
Roy Herring to second
Batting: RHB José López 0-0: Swinging Strike
0-1: SINGLE (Groundball, 5D)
Roy Herring to third
Batting: RHB Ethan Miller 0-0: Ball
1-0: Called Strike
1-1: Foul Ball, location: 2F
1-2: Strikes out swinging
Batting: RHB Frank Crocker 0-0: Ground out 5-3 (Groundball, 15S)
Bottom of the 7th over - 0 run(s), 2 hit(s), 0 error(s), 2 left on base; Athletic Club KC Academy 9 - Springfield 2
TOP OF THE 8TH
Athletic Club KC Academy batting - Pitching for Springfield Shooters : RHP Landon Larson
Batting: RHB Larry Johnston 0-0: SINGLE (Line Drive, 89S)
Batting: RHB William Williams 0-0: Bunted foul
0-1: Bunt missed!
0-2: Ball
1-2: Ball
2-2: Ball
3-2: SINGLE (Groundball, 6MD) (infield hit)
Larry Johnston to second
Batting: LHB Ed Hammond 0-0: Ball
1-0: Grounds into double play, 4-6-3 (Groundball, 34)
Larry Johnston to third
Batting: SHB António Montés 0-0: Called Strike
0-1: Ball
1-1: Swinging Strike
1-2: Ball
2-2: SINGLE (Groundball, 5D)
Larry Johnston scores
Batting: RHB Chris Teague 0-0: Ball
Throwing error on steal attempt, E2
António Montés to third
1-0: Foul Ball, location: 2F
1-1: Called Strike
1-2: Ball
2-2: Strikes out looking
Top of the 8th over - 1 run(s), 3 hit(s), 1 error(s), 1 left on base; Athletic Club KC Academy 10 - Springfield 2
BOTTOM OF THE 8TH
Springfield Shooters batting - Pitching for Athletic Club KC Academy : RHP Jason Hamilton
Now in LF: Mike Lovell
Now in RF: José Durán
Batting: LHB Ray Anderson 0-0: Called Strike
0-1: Foul Ball, location: 2F
0-2: Foul Ball, location: 2F
0-2: Foul Ball, location: 2F
0-2: Ground out 1-3 (Groundball, 15)
Batting: RHB Jack Sloan 0-0: Called Strike
0-1: Ball
1-1: Ball
2-1: Ball
3-1: Ground out 6-3 (Groundball, 6)
Batting: SHB Jack Bell 0-0: Fly out, F8 (Flyball, 8LM)
Bottom of the 8th over - 0 run(s), 0 hit(s), 0 error(s), 0 left on base; Athletic Club KC Academy 10 - Springfield 2
TOP OF THE 9TH
Athletic Club KC Academy batting - Pitching for Springfield Shooters : RHP Landon Larson
Batting: RHB Dave Robertson 0-0: Called Strike
0-1: Ground out 6-3 (Groundball, 6M)
Batting: RHB Allen Williams 0-0: Called Strike
0-1: SINGLE (Flyball, 8LS)
Batting: RHB Bob Curry
Pinch Hitting: RHB John Williams 0-0: Ground out 5-3 (Groundball, 5S)
Allen Williams to second
Batting: RHB Michael Walker 0-0: Ball
1-0: Swinging Strike
1-1: Ground out 6-3 (Groundball, 6M)
Top of the 9th over - 0 run(s), 1 hit(s), 0 error(s), 1 left on base; Athletic Club KC Academy 10 - Springfield 2
BOTTOM OF THE 9TH
Springfield Shooters batting - Pitching for Athletic Club KC Academy : RHP Jason Hamilton
Pitching: RHP Alfonso Álvarez
Now at 3B: Marty Jennings
Batting: RHB Sean Godron 0-0: Ball
1-0: Swinging Strike
1-1: Ball
2-1: Ball
3-1: Called Strike
3-2: Base on Balls
Batting: RHB Roy Herring 0-0: Fly out, F9 (Flyball, 9S)
Batting: RHB Tom Potts 0-0: Ball
1-0: Called Strike
1-1: Foul Ball, location: 2F
1-2: Foul Ball, location: 2F
1-2: Fly out, F7 (Flyball, 7M)
Batting: RHB José López 0-0: SINGLE (Line Drive, 8RS)
Sean Godron to second
Runner from 2nd tries for 3rd, SAFE, no throw or cutoff
Batting: RHB Ethan Miller 0-0: Ball
1-0: Ball
2-0: Fly out, F1 (Line Drive, 13S)
Bottom of the 9th over - 0 run(s), 1 hit(s), 0 error(s), 2 left on base; Athletic Club KC Academy 10 - Springfield 2
This league is powered by Out of the Park Baseball, the baseball management simulation game for PC, Mac and Linux
Friday, April 15th, 2016 - OOTP Baseball 16.9 Build 39